 Dungeon Crawl Stone Soup version 0.19.1 (webtiles) character file.

1448 Gargoyl the Chopper (level 8, -2/71 HPs)
             Began as a Black Draconian Abyssal Knight on Dec 1, 2016.
             Was a Priest of Lugonu.
             Slain by a killer bee (5 damage)
             ... on level 6 of the Dungeon.
             The game lasted 00:11:59 (5198 turns).

Gargoyl the Chopper (DrAK)                          Turns: 5198, Time: 00:12:00

Health: -2/71      AC: 10    Str: 16    XL:     8   Next: 46%
Magic:  10/10      EV: 13    Int: 12    God:    Lugonu [***...]
Gold:   1          SH:  4    Dex: 12    Spells: 0 memorised, 7 levels left

rFire  . . .     SeeInvis .     y - +4 hand axe (elec)
rCold  + . .     Gourm    .     (armour unavailable)
rNeg   . . .     Faith    .     o - +0 buckler
rPois  .         Spirit   .     (helmet restricted)
rElec  +         Reflect  .     (no cloak)
rCorr  .         Harm     .     (no gloves)
MR     .....                    F - +0 pair of boots
Stlth  ++........               q - amulet of rage
                                z - ring of protection from cold
                                w - +3 ring of protection

@: short of breath
A: breathe lightning, unfitting armour, electricity resistance, cold-blooded, AC
+6
a: Breathe Lightning, Depart the Abyss, Bend Space, Banish, Renounce Religion,
Evoke Berserk Rage


You were on level 6 of the Dungeon.
You worshipped Lugonu.
Lugonu was most pleased with you.
You were hungry.

You visited 1 branch of the dungeon, and saw 6 of its levels.
You visited the Abyss 1 time.

You collected 295 gold pieces.
You spent 294 gold pieces at shops.

Inventory:

Hand Weapons
 a - a +1 hand axe
 e - a +1 trident of freezing
 y - a +4 hand axe of electrocution (weapon)
Missiles
 v - 4 tomahawks (quivered)
Armour
 o - a +0 buckler (worn)
 F - a +0 pair of boots (worn)
Jewellery
 q - an amulet of rage (around neck)
 w - a +3 ring of protection (left hand)
 z - a ring of protection from cold (right hand)
Wands
 c - a wand of enslavement (7/24)
Scrolls
 d - a scroll of amnesia
 g - 5 scrolls of remove curse
 h - 2 scrolls of fog
 k - 4 scrolls of teleportation
 l - 4 scrolls of fear
 B - 2 scrolls of magic mapping
 D - a scroll of blinking
Potions
 j - a potion of resistance
 n - 2 potions of lignification
 p - a potion of brilliance
 s - a potion of magic
 t - a potion of curing
 x - a potion of agility {unknown}
 A - a potion of might
 E - a potion of ambrosia
Books
 C - Vehumet's Guide on Conjuration
   (You found it on level 4 of the Dungeon)

   Spells                             Type                      Level
   a - Magic Dart                     Conjuration                  1
Comestibles
 b - 5 bread rations
 f - a meat ration
 r - 5 fruits


   Skills:
 + Level 6.8 Fighting
 + Level 7.2 Axes
 + Level 4.4 Dodging
 + Level 1.3 Stealth
 + Level 2.0 Shields
 + Level 2.8 Invocations
 + Level 1.0 Evocations


You had 7 spell levels left.
You didn't know any spells.

Dungeon Overview and Level Annotations

Branches:
Dungeon (6/15)             Temple (0/1) D:6

Altars:
Cheibriados
Dithmenos
Elyvilon
Kikubaaqudgha
Sif Muna
Trog
Uskayaw
Vehumet
Xom
The Shining One

Shops:
D:6 ?


Innate Abilities, Weirdness & Mutations

You can breathe wild blasts of lightning.
Your glossy black scales are hard. (AC +6)
You cannot fit into any form of body armour.
You are resistant to electric shocks. (rElec)
You are cold-blooded and may be slowed by cold attacks.


Message History

The killer bee stings you!
* * * LOW HITPOINT WARNING * * *
The killer bee stings you!
* * * LOW HITPOINT WARNING * * *
You are poisoned.
The killer bee poisons you!
You feel sick. The killer bee closely misses you.
You feel sick. The killer bee misses you.
You feel sick. The killer bee barely misses you.
You feel better. The killer bee misses you.
The killer bee completely misses you.
You breathe a wild blast of lightning!
The orb of electricity explodes! x2
The orb of electricity engulfs the killer bee.
The killer bee is severely wounded.
The orb of electricity engulfs you! You resist.
* * * LOW HITPOINT WARNING * * *
You feel somewhat more hungry. The killer bee stings you.
* * * LOW HITPOINT WARNING * * *
The killer bee stings you.
You die...

### #.# ######.###
#........#
#.####.### #.# #.#
#.# #.# #.# #@# #
#.# #y# ###.#
#.####.# #.....
#......# ........
######..#
...>.............###
........####.......#
...... ..........#.#
.....# #.##........#


You could see a killer bee.

Vanquished Creatures
  5 ogres
  A small abomination (Abyss:1)
  The ghost of
  51387 the Conjurer, an amateur DECj (D:3)
  A scorpion (D:5)
  A howler monkey (D:4)
  6 orc priests
  2 jellies
  A bullfrog skeleton (D:4)
  4 hounds
  3 orc wizards
  A worker ant (D:4)
  A hound skeleton (D:4)
  7 gnolls
  8 adders
  3 oozes
  4 worms
  2 dart slugs (D:1)
  3 leopard geckos
  21 orcs
  3 giant cockroaches
  5 goblins
  11 hobgoblins
  4 jackals (D:1)
  2 quokkas
  A ball python (D:2)
  3 bats
  6 frilled lizards
  A jackal zombie (D:5)
  9 kobolds
  A quokka skeleton (D:4)
  A quokka zombie (D:6)
  5 rats
127 creatures vanquished.

Notes
Turn   | Place    | Note
-------+----------+-------------------------------------------
     0 | Abyss:1  | Gargoyl the Draconian Abyssal Knight began the quest for the Orb.
     0 | Abyss:1  | Reached XP level 1. HP: 19/19 MP: 2/2
    43 | Abyss:1  | Noticed an apocalypse crab
    47 | Abyss:1  | Noticed a small abomination
    52 | Abyss:1  | Killed a small abomination
    52 | Abyss:1  | Reached XP level 2. HP: 7/28 MP: 3/3
    52 | Abyss:1  | Reached XP level 3. HP: 9/35 MP: 4/4
    52 | Abyss:1  | Reached XP level 4. HP: 11/41 MP: 5/5
    54 | D:1      | Escaped the Abyss
   604 | D:1      | Reached skill level 5 in Fighting
   637 | D:1      | Reached ** piety under Lugonu
  1310 | D:2      | Reached skill level 3 in Axes
  1310 | D:2      | Reached XP level 5. HP: 46/48 MP: 6/6
  1560 | D:3      | Noticed 51387's ghost (amateur DECj)
  1573 | D:3      | Killed 51387's ghost
  2038 | D:3      | Reached XP level 6. HP: 46/56 MP: 7/7
  2048 | D:3      | Reached skill level 4 in Axes
  2366 | D:2      | Found a glowing golden altar of the Shining One.
  2747 | D:4      | Found a radiant altar of Vehumet.
  2761 | D:4      | Identified Vehumet's Guide on Conjuration
  2764 | D:4      | Found an ancient bone altar of Kikubaaqudgha.
  2765 | D:4      | Found a deep blue altar of Sif Muna.
  2882 | D:4      | Found a hide-covered altar of Uskayaw.
  2887 | D:4      | Your scales start taking on a glossy black colour.
  2887 | D:4      | Reached XP level 7. HP: 56/63 MP: 8/8
  2887 | D:4      | Gained mutation: You are resistant to electric shocks. (rElec) [Black Draconian growth]
  2946 | D:4      | Reached *** piety under Lugonu
  2946 | D:4      | Reached skill level 5 in Axes
  3083 | D:4      | Reached skill level 1 in Shields
  3355 | D:4      | Reached skill level 1 in Stealth
  3658 | D:4      | Found a shadowy altar of Dithmenos.
  3687 | D:5      | Entered Level 5 of the Dungeon
  3765 | D:5      | Found a snail-covered altar of Cheibriados.
  3794 | D:5      | Reached skill level 6 in Axes
  3882 | D:5      | Found a bloodstained altar of Trog.
  3920 | D:5      | Reached XP level 8. HP: 52/71 MP: 9/9
  4077 | D:5      | Found a white marble altar of Elyvilon.
  4695 | D:6      | Found a staircase to the Ecumenical Temple.
  4779 | D:6      | Found a faded altar of an unknown god.
  4779 | D:6      | Found a shimmering altar of Xom.
  4784 | D:6      | Found a faded altar of an unknown god.
  4787 | D:6      | Found a faded altar of an unknown god.
  4793 | D:6      | Found a faded altar of an unknown god.
  4861 | D:6      | Reached skill level 1 in Evocations
  4862 | D:6      | Reached skill level 7 in Axes
  4906 | D:6      | Found Turricvu's Magic Scroll Emporium.
  4978 | D:6      | Bought a scroll of enchant weapon for 105 gold pieces
  4978 | D:6      | Bought a scroll of teleportation for 42 gold pieces
  4978 | D:6      | Bought a scroll of teleportation for 42 gold pieces
  4978 | D:6      | Bought a scroll of blinking for 105 gold pieces
  5198 | D:6      | HP: 3/71 [shot self (9)]
  5198 | D:6      | Slain by a killer bee

Skill      XL: |  1  2  3  4  5  6  7  8 |
---------------+-------------------------+-----
Fighting       | 4 5 6 |  6.8
Axes           | 3 4 6 7 |  7.2
Dodging        | 3 4 |  4.4
Shields        | 1 2 |  2.0
Stealth        | 1 |  1.3
Evocations     | 1 |  1.0
Invocations    | |  2.8

Action                   |  1- 3 |  4- 6 |  7- 9 || total
-------------------------+-------+-------+-------++-------
Melee: Hand axe          |     3 |   270 |   117 ||   390
       Tailslap          |       |    31 |    16 ||    47
Throw: Tomahawk          |       |     2 |       ||     2
Invok: Bend Space        |       |       |     1 ||     1
 Abil: Breathe Lightning |       |       |    14 ||    14
       Evoke Berserk Rag |       |       |     1 ||     1
  Use: Scroll            |       |     3 |    22 ||    25
       Potion            |       |       |     2 ||     2
 Stab: Sleeping          |       |     1 |       ||     1
  Eat: Chunk             |       |     6 |    11 ||    17
Armor: Skin              |       |    75 |    48 ||   123
Dodge: Dodged            |     3 |   160 |    98 ||   261
Block: Buckler           |       |    21 |    28 ||    49
